 Dungeon Crawl Stone Soup version 0.29-a0-41-g89e12c0570 (webtiles) character file.

Game seed: 5193158879768429733

112 Dulis131 the Cutter (level 4, -1/34 HPs)
             Began as a Demonspawn Gladiator on Feb 2, 2022.
             Slain by an ogre (11 damage)
             ... on level 4 of the Dungeon.
             The game lasted 00:04:57 (3300 turns).

Dulis131 the Cutter (Demonspawn Gladiator)          Turns: 3300, Time: 00:04:58

Health: -1/34      AC: 10    Str: 16    XL:     4   Next: 63%
Magic:  4/4        EV:  7    Int:  9    God:
Gold:   150        SH:  0    Dex: 15    Spells: 3/3 levels left

rFire   . . .      SeeInvis .   v - +1 short sword (vamp)
rCold   . . .      Faith    .   (no shield)
rNeg    . . .      Spirit   .   f - +0 chain mail
rPois   .          Reflect  .   (helmet restricted)
rElec   .          Harm     .   (no cloak)
rCorr   .          Rampage  .   (no gloves)
Will    .....                   (no boots)
Stlth   ..........              (no amulet)
HPRegen 0.11/turn               (no ring)
MPRegen 0.09/turn               (no ring)

@: no status effects
A: antennae 1, molten scales 1
a: no special abilities


You were on level 4 of the Dungeon.
You visited 1 branch of the dungeon, and saw 4 of its levels.

You collected 150 gold pieces.

Inventory:

Hand Weapons
 a - a +0 rapier
 t - a +0 mace of venom
 v - a +1 vampiric short sword (weapon)
Missiles
 d - 3 throwing nets (quivered)
 m - 19 arrows
 q - 3 poisoned darts
Armour
 b - a +0 leather armour
 c - a +0 helmet
 e - a +1 leather armour of positive energy
 f - a +0 chain mail (worn)
Jewellery
 h - a ring of see invisible
 i - an amulet of magic regeneration
 n - a +4 ring of evasion
Wands
 p - a wand of paralysis (8)
Scrolls
 j - a scroll of fog {unknown}
 o - 4 scrolls of identify {unknown}
 r - a scroll of amnesia {unknown}
 s - 2 scrolls of teleportation {unknown}
 u - a scroll of vulnerability {unknown}
Potions
 g - a potion of lignification {unknown}
 k - a potion of curing {unknown}
 l - a potion of flight {unknown}


   Skills:
 + Level 2.4 Fighting
 + Level 3.9 Short Blades
 - Level 1.8 Throwing
 + Level 1.4 Armour
 + Level 3.3 Dodging


You had 3 spell levels left.
You didn't know any spells.
Your spell library contained the following spells:

 Spells                   Type           Power      Damage    Failure   Level
 Magic Dart               Conj           0%         1d3       100%        1
 Fireball                 Conj/Fire      0%         3d3       100%        5
 Simulacrum               Ice/Necr       0%         N/A       100%        6
 Spellforged Servitor     Conj/Summ      0%         N/A       100%        7


Dungeon Overview and Level Annotations

Branches:
Dungeon (4/15)
 Temple: D:4-7

Altars:

Shops:
D:1 (


Innate Abilities, Weirdness & Mutations

You have a pair of small antennae on your head.
You are partially covered in molten scales. (AC +2)


Message History

Done exploring.
No target in view!
No target in view!
Done exploring.
There is a stone staircase leading down here.
You climb downwards.
The ogre shouts!
Found 15 stones.
There is a stone staircase leading up here.
Found a stone staircase leading up.
You hit the ogre.
The ogre is moderately wounded.
You closely miss the ogre.
The ogre is moderately wounded.
The ogre hits you with a +0 giant club!
You hit the ogre.
You feel better.
The ogre is heavily wounded.
The ogre hits you with a +0 giant club!
You are too injured to fight recklessly!
You hit the ogre.
The ogre is heavily wounded.
You hit the ogre.
You feel better.
The ogre is severely wounded.
The ogre hits you with a +0 giant club!
* * * LOW HITPOINT WARNING * * *
You barely miss the ogre.
The ogre is severely wounded.
The ogre closely misses you.
You hit the ogre but do no damage.
The ogre is severely wounded.
The ogre barely misses you.
You hit the ogre.
You feel better.
The ogre is severely wounded.
You hit the ogre.
You feel better.
The ogre is almost dead.
The ogre barely misses you.
You hit the ogre.
You feel better.
The ogre is almost dead.
The ogre hits you with a +0 giant club!
You die...

## ### #.( #.##
#...##..###
#....<....##
#......#@....#
##.....#O.#..#
#..............
................
.####...........
#...........
............
.#........<..


You could see an ogre.

Vanquished Creatures
  A hound (D:3)
  2 adders (D:2)
  A worm (D:2)
  5 dart slugs
  An orc (D:3)
  6 endoplasms
  A giant cockroach (D:1)
  4 goblins
  2 hobgoblins
  2 jackals (D:1)
  2 quokkas (D:1)
  6 ball pythons
  5 bats
  A frilled lizard (D:1)
  6 kobolds
  4 rats
49 creatures vanquished.

Notes
Turn   | Place    | Note
-------+----------+-------------------------------------------
     0 | D:1      | Dulis131 the Demonspawn Gladiator began the quest for the
                  | Orb.
     0 | D:1      | Reached XP level 1. HP: 16/16 MP: 1/1
    62 | D:1      | Found Amiub's Antique Weapon Shop.
   316 | D:1      | Gained mutation: You have a pair of small antennae on your
                  | head. [demonic ancestry]
   316 | D:1      | Reached XP level 2. HP: 19/22 MP: 2/2
   486 | D:1      | Found a faded altar of an unknown god.
  1267 | D:2      | Reached XP level 3. HP: 11/27 MP: 3/3
  1935 | D:2      | Reached skill level 1 in Armour
  2241 | D:2      | Gained mutation: You are partially covered in molten
                  | scales. (AC +2) [demonic ancestry]
  2241 | D:2      | Reached XP level 4. HP: 32/33 MP: 4/4
  2781 | D:3      | Got the Volume of Glacial Battle Magic
  3289 | D:4      | Noticed an ogre
  3300 | D:4      | Slain by an ogre

Illustrated notes

Levels and vault maps discovered:
D:1:      lemuel_arrival_rhombus, layout_basic, serial_shops, shop,
          shapermc_ecumenical_altar_pompeii
D:2:      layout_basic, roderic_nine_men_s_morris, kennysheep_donut,
          minmay_joined_circles
D:3:      layout_rooms, minmay_liquid_box
D:4:      layout_cave_pools, minmay_temple_entry_glassed_door, serial_shops,
          kennysheep_mini_moat, serial_rivers, chequers_serial_rivers_micro_d,
          chequers_serial_rivers_micro_e, chequers_serial_rivers_small_3,
          chequers_serial_rivers_large_b, chequers_serial_rivers_large_a,
          corexii_item_surrounded_by_moat

Skill      XL: |  1  2  3 |
---------------+----------+-----
Short Blades   | 3 |  3.9
Dodging        | 3 |  3.3
Armour         | 1 |  1.4
Fighting       | |  2.4
Throwing       | |  1.8

Action                   |  1- 3 |  4- 6 || total
-------------------------+-------+-------++-------
Melee: Rapier            |   129 |    47 ||   176
       Punch             |     2 |       ||     2
       Short sword       |       |    11 ||    11
Armor: Leather armour    |     5 |       ||     5
       Chain mail        |    71 |    31 ||   102
Dodge: Dodged            |    49 |    19 ||    68

Table legend: (Time is in decaauts)
 A = Elapsed time spent in this place.
 B = Non-inter-level travel time spent in this place.
 C = Inter-level travel time spent in this place.
 D = Time resting spent in this place.
 E = Time spent auto-exploring this place.
 F = Levels seen in this place.
 G = Mean time per level.
                   A        B        C        D        E       F      G
               +--------+--------+--------+--------+--------+-----+--------+
         Total |   3305 |   3207 |     98 |    352 |   2393 |   4 |  826.2 |
       Dungeon |   3305 |   3207 |     98 |    352 |   2393 |   4 |  826.2 |
               +--------+--------+--------+--------+--------+-----+--------+

Top non-repeatable levels by time:
     D:1: 1209 daAuts
     D:2: 1082 daAuts
     D:3: 1004 daAuts
     D:4: 9 daAuts
